 Dungeon Crawl Stone Soup version 0.29-a0-885-gb26ba3297d (webtiles) character file.

Game seed: 14142779389085262145

284 kevlar127 the Ruffian (level 6, 0/62 HPs)
             Began as a Troll Berserker on July 21, 2022.
             Was a Believer of Trog.
             Slain by a goblin
             ... wielding a +0 club
             ... led by Robin
              (4 damage)
             ... on level 3 of the Dungeon.
             The game lasted 00:04:12 (1327 turns).

kevlar127 the Ruffian (Troll Berserker)             Turns: 1327, Time: 00:04:13

Health: 0/62       AC:  4    Str: 28    XL:     6   Next: 7%
Magic:  5/5        EV: 10    Int:  3    God:    Trog [**....]
Gold:   66         SH:  0    Dex:  9    Spells: 5/5 levels left

rFire   . . .      SeeInvis .     - Unarmed
rCold   . . .      Faith    .   (no shield)
rNeg    . . .      Spirit   .   a - +0 animal skin
rPois   .          Reflect  .   (helmet restricted)
rElec   .          Harm     .   (no cloak)
rCorr   .          Rampage  .   (gloves unavailable)
Will    ++...                   (boots unavailable)
Stlth   +.........              (no amulet)
HPRegen 2.00/turn               (no ring)
MPRegen 0.09/turn               (no ring)

@: strong-willed (expiring), on berserk cooldown, regenerating (expiring),
slowed, very slow
A: large, unfitting armour, claws 3, regeneration 1, shaggy fur 1, tough skin 1
a: Renounce Religion, Berserk, Trog's Hand


You were on level 3 of the Dungeon.
You worshipped Trog.
Trog was pleased with you.
You visited 1 branch of the dungeon, and saw 3 of its levels.

You collected 66 gold pieces.

Inventory:

Missiles
 p - 22 stones (quivered)
 q - 6 poisoned darts
Armour
 a - a +0 animal skin (worn)
Jewellery
 e - a ring of fire
Scrolls
 b - a scroll of fear {unknown}
 g - a scroll of enchant armour {unknown}
 h - a scroll of torment {unknown}
 i - a scroll of poison {unknown}
 k - 2 scrolls of teleportation {unknown}
 m - a scroll of magic mapping {unknown}
 o - a scroll of acquirement {unknown}
 s - a scroll of identify {unknown}
Potions
 c - 2 potions of curing {unknown}
 d - a potion of invisibility {unknown}
 f - a potion of resistance {unknown}
 j - a potion of flight {unknown}
 l - a potion of heal wounds {unknown}
 n - a potion of might {unknown}
 r - a potion of experience {unknown}


   Skills:
 + Level 4.1 Fighting
 - Level 3.0 Dodging
 + Level 5.0 Unarmed Combat


You had 5 spell levels left.
You didn't know any spells.
Your spell library was empty.

Dungeon Overview and Level Annotations

Branches:
Dungeon (3/15)

Altars:

Shops:
D:1 (*=(*

Annotations:
D:3 Robin


Innate Abilities, Weirdness & Mutations

You are too large for most types of armour.
You have claws for hands.
Your natural rate of healing is unusually fast.
You are covered in fur. (AC +1)
You have tough skin. (AC +1)


Message History

You feel the effects of Trog's Hand fading.
Robin hits you from afar with a +0 spear.
* * * LOW HITPOINT WARNING * * *
The goblin barely misses you. x2
You barely miss the goblin. You scratch the goblin.
You kill the goblin!
Trog accepts your kill. Robin throws the goblin at you!
* * * LOW HITPOINT WARNING * * *
The goblin hits you with a +0 club.
* * * LOW HITPOINT WARNING * * *
The goblin hits you with a +0 club.
* * * LOW HITPOINT WARNING * * *
The goblin closely misses you. The goblin barely misses you.
You barely miss the goblin.
You are no longer berserk.
You are exhausted.
You feel yourself slow down.
Robin hits you from afar with a +0 spear.
* * * LOW HITPOINT WARNING * * *
The goblin hits you but does no damage. The goblin closely misses you.
The goblin misses you. The goblin hits you but does no damage.
You mangle the goblin!!
You kill the goblin!
Trog accepts your kill.
Robin hits you from afar with a +0 spear.
* * * LOW HITPOINT WARNING * * *
The goblin hits you but does no damage. The goblin barely misses you.
The goblin hits you with a +0 club.
* * * LOW HITPOINT WARNING * * *
You claw the goblin!
You kill the goblin!
Trog accepts your kill.
Robin hits you from afar with a +0 spear.
* * * LOW HITPOINT WARNING * * *
The goblin hits you with a +0 club.
* * * LOW HITPOINT WARNING * * *
The goblin hits you with a +0 club.
You die...

##...........#
............#
#..........#
#..........##
#..........##
#..........#
#..........#
###.######......<...#
......)@).....†.....#
......)gg...........##
.....g.......†........#
....$.....#.............
....................##..
##..................# #
##.................#
#.................#
###++####....#


You could see Robin and 2 goblins.

Vanquished Creatures
  Sigmund (D:2)
  Terence (D:2)
  5 adders
  A worm (D:2)
  5 ball pythons
  5 endoplasms (D:1)
  2 giant cockroaches
  11 goblins
  8 hobgoblins
  5 kobolds
  2 quokkas (D:1)
  6 bats
  4 frilled lizards (D:1)
  6 rats
  A spectral kobold (D:2)
63 creatures vanquished.

Notes
Turn   | Place    | Note
-------+----------+-------------------------------------------
     0 | D:1      | kevlar127 the Troll Berserker began the quest for the Orb.
     0 | D:1      | Reached XP level 1. HP: 22/22 MP: 0/0
    72 | D:1      | Reached XP level 2. HP: 29/29 MP: 1/1
    92 | D:1      | Found Buhafi's General Store.
   162 | D:1      | Found Buovasue's Jewellery Boutique.
   184 | D:1      | Found Uxzemo's Antique Weapon Shop.
   213 | D:1      | Reached ** piety under Trog
   297 | D:1      | Found Totsud's Weapon Shop.
   304 | D:1      | Reached XP level 3. HP: 30/36 MP: 2/2
   330 | D:1      | Found Woej's Assorted Antiques.
   724 | D:2      | Found a faded altar of an unknown god.
   725 | D:2      | Noticed Terence
   732 | D:2      | Killed Terence
   733 | D:2      | Reached XP level 4. HP: 32/45 MP: 3/3
   765 | D:2      | Identified the +4 short sword of Ewkupp {vorpal, *Slow
                  | rCorr Int+4 SInv}
   919 | D:2      | Reached skill level 4 in Unarmed Combat
  1060 | D:2      | Noticed Sigmund
  1070 | D:2      | Killed Sigmund
  1071 | D:2      | Reached XP level 5. HP: 40/54 MP: 4/4
  1288 | D:3      | Reached skill level 5 in Unarmed Combat
  1288 | D:3      | Reached XP level 6. HP: 59/62 MP: 5/5
  1299 | D:3      | Noticed Robin
  1327 | D:3      | Slain by a goblin

Illustrated notes

Levels and vault maps discovered:
D:1:      lightli_arrival_isolated_outpost, layout_basic, serial_shops, shop,
          shop, nicolae_diamond_shop, nicolae_shop_crystal, nicolae_square_shop,
          minmay_tall_x
D:2:      layout_basic, dreamdust_ecumenical_altar_drowned_temple, uniq_sigmund,
          uniq_terence
D:3:      layout_rooms, trog_hazing_becter, okawaru_altar_gauntlet_db,
          kennysheep_generic_room_7, uniq_robin

Skill      XL: |  1  2  3  4  5 |
---------------+----------------+-----
Dodging        | 3 |  3.0
Fighting       | 3 4 |  4.1
Unarmed Combat | 4 5 |  5.0

Action                   |  1- 3 |  4- 6 || total
-------------------------+-------+-------++-------
Melee: Unarmed           |    84 |    58 ||   142
       Punch             |       |     1 ||     1
Invok: Berserk           |       |     1 ||     1
       Trog's Hand       |       |     1 ||     1
 Stab: Sleeping          |     2 |       ||     2
Armor: Animal skin       |    38 |    34 ||    72
Dodge: Dodged            |    45 |    42 ||    87

Table legend: (Time is in decaauts)
 A = Elapsed time spent in this place.
 B = Non-inter-level travel time spent in this place.
 C = Inter-level travel time spent in this place.
 D = Time resting spent in this place.
 E = Time spent auto-exploring this place.
 F = Levels seen in this place.
 G = Mean time per level.
                   A        B        C        D        E       F      G
               +--------+--------+--------+--------+--------+-----+--------+
         Total |   1330 |   1175 |    155 |      0 |    867 |   3 |  443.3 |
       Dungeon |   1330 |   1175 |    155 |      0 |    867 |   3 |  443.3 |
               +--------+--------+--------+--------+--------+-----+--------+

Top non-repeatable levels by time:
     D:2: 674 daAuts
     D:1: 606 daAuts
     D:3: 49 daAuts
